 Dungeon Crawl Stone Soup version 0.29.1-2-gbd0b4ee654 (webtiles) character file.

Game seed: 13442577485619792451

299 fleeber the Conjurer (level 6, 0/32 HPs)
             Began as a Deep Elf Conjurer on Nov 5, 2022.
             Slain by Edmund
             ... wielding a +4 dire flail of protection
              (15 damage)
             ... on level 4 of the Dungeon.
             The game lasted 00:17:42 (3882 turns).

fleeber the Conjurer (Deep Elf Conjurer)            Turns: 3882, Time: 00:17:43

Health: 0/32       AC:  2    Str:  4    XL:     6   Next: 13%
Magic:  1/16       EV: 12    Int: 25    God:
Gold:   117        SH:  0    Dex: 13    Spells: 9/16 levels left

rFire   + . .      SeeInvis .   c - +2 mace (protect)
rCold   . . .      Faith    .   (no shield)
rNeg    + . .      Spirit   .   m - +0 robe {rF+}
rPois   .          Reflect  .   (no helmet)
rElec   .          Harm     .   (no cloak)
rCorr   .          Rampage  .   (no gloves)
Will    +....                   (no boots)
Stlth   ++........              (no amulet)
HPRegen 0.10/turn               l - ring of willpower
MPRegen 0.15/turn               p - ring of positive energy

@: very slightly contaminated
A: no striking features
a: no special abilities


You were on level 4 of the Dungeon.
You visited 1 branch of the dungeon, and saw 4 of its levels.

You collected 198 gold pieces.
You spent 81 gold pieces at shops.

Inventory:

Hand Weapons
 c - a +2 mace of protection (weapon)
Armour
 m - a +0 robe of fire resistance (worn)
Jewellery
 l - a ring of willpower (left hand)
 p - a ring of positive energy (right hand)
Scrolls
 e - a scroll of poison
 h - 4 scrolls of identify
 j - a scroll of immolation {unknown}
 n - 2 scrolls of noise {unknown}
 o - a scroll of summoning {unknown}
Potions
 a - a potion of might {unknown}
 b - a potion of magic
 d - a potion of degeneration {unknown}
 f - 2 potions of ambrosia {unknown}
 g - a potion of heal wounds {unknown}
 i - 3 potions of curing {unknown}
 k - a potion of invisibility {unknown}


   Skills:
 - Level 2.4 Dodging
 - Level 2.4 Stealth
 + Level 5.6 Spellcasting
 + Level 5.9 Conjurations
 + Level 3.6 Translocations


You had 9 spell levels left.
You knew the following spells:

 Your Spells              Type           Power      Damage    Failure   Level
a - Magic Dart            Conj           100%       1d8       1%          1
b - Searing Ray           Conj           72%        2d7       1%          2
c - Iskenderun's Mystic   Conj/Tloc      30%        2d8       11%         4

Your spell library contained the following spells:

 Spells                   Type           Power      Damage    Failure   Level
 Dazzling Flash           Conj/Hex       42%        N/A       7%          3
 Mephitic Cloud           Conj/Pois/Air  16%        N/A       11%         3
 Call Imp                 Summ           7%         N/A       12%         2
 Fulminant Prism          Conj/Hex       10%        3d9       22%         4


Dungeon Overview and Level Annotations

Branches:
Dungeon (4/15)
 Temple: D:4-7

Altars:
Trog

Shops:
D:1 *   D:2 (*[(   D:3 =

Annotations:
D:3 2 runed translucent doors, exclusion: downstairs, GloriousHammer's ghost, amateur OpAE
D:4 2 transporters, Edmund; eriqlaplus's ghost, amateur TeAE


Message History

The gnoll is severely wounded.
You hear an angry hiss.
You hear a shout!
You hear an angry hiss.
The gnoll barely misses you. The gnoll closely misses you.
The gnoll hits you from afar with a +0 halberd!
Casting: Iskenderun's Mystic Blast (quite dangerous; 12% risk of failure)
Confirm with . or Enter, or press ? or * to list all spells.
The spell is quite dangerous to miscast (12% risk of failure)!
Continue anyway?
You miscast Iskenderun's Mystic Blast.
You are very lightly contaminated with residual magic.
Nothing appears to happen.
The gnoll hits you from afar with a +0 halberd.
Casting: Iskenderun's Mystic Blast (quite dangerous; 12% risk of failure)
Confirm with . or Enter, or press ? or * to list all spells.
The spell is quite dangerous to miscast (12% risk of failure)!
Continue anyway?
You erupt in a blast of force!
The mystic blast hits the gnoll!
You kill the gnoll!
The mystic blast hits the gnoll.
The gnoll is severely wounded.
The gnoll is knocked back by the mystic blast.
The mystic blast hits Edmund but does no damage.
The mystic blast hits the gnoll!
The gnoll is almost dead.
The gnoll is knocked back by the mystic blast.
The mystic blast hits the gnoll.
The gnoll is almost dead.
The gnoll is knocked back by the mystic blast.
The gnoll collides with the gnoll!
You kill the gnoll! x2
Edmund barely misses you.
Casting: Iskenderun's Mystic Blast (quite dangerous; 11% risk of failure)
Confirm with . or Enter, or press ? or * to list all spells.
The spell is quite dangerous to miscast (11% risk of failure)!
Continue anyway?
You erupt in a blast of force!
The mystic blast hits the gnoll!
You kill the gnoll!
The mystic blast hits Edmund but does no damage.
The mystic blast hits the adder!
You kill the adder!
An adder comes into view.
Edmund hits you with a +4 dire flail of protection!
You die...

###.. #....
...©.......).
....[.##..#
##########...
#...#...#
..$/$....#..#
.##...<..#
.........#..#
.....)$...#
..##. #...
......)...#
.. #...
###.#....)#
#... .
#.##..†@#
#... ...
#....).@# ..
#. #.). ...
#..#....#
8... #..#.).
... .....#..#
##...##..#...
# ...###..#
.........#...
# S## #..#
.......W©#.).
#..#
##########g.#
....
...©........#
. #...
.............
..
.#.....†....


You could see Edmund and an adder.

Vanquished Creatures
  A jelly (D:4)
  Jessica (D:3)
  An iguana (D:4)
  Natasha (D:2)
  11 gnolls
  2 adders
  2 worms
  4 dart slugs
  3 ball pythons
  5 bats
  4 endoplasms
  3 giant cockroaches (D:1)
  8 goblins
  3 hobgoblins
  10 jackals
  4 kobolds
  5 quokkas
  5 frilled lizards
  5 rats
78 creatures vanquished.

Notes
Turn   | Place    | Note
-------+----------+-------------------------------------------
     0 | D:1      | fleeber the Deep Elf Conjurer began the quest for the Orb.
     0 | D:1      | Reached XP level 1. HP: 10/10 MP: 6/6
   144 | D:1      | Found Rixzona's Assorted Antiques.
   308 | D:1      | Reached XP level 2. HP: 15/15 MP: 5/8
   387 | D:1      | Reached skill level 1 in Translocations
   858 | D:1      | Reached XP level 3. HP: 19/19 MP: 7/10
   861 | D:1      | Learned a level 2 spell: Searing Ray
   888 | D:1      | Found a faded altar of an unknown god.
  1775 | D:2      | Found Lenotua's Assorted Antiques.
  1790 | D:2      | Reached skill level 5 in Conjurations
  1794 | D:1      | Reached XP level 4. HP: 12/24 MP: 0/12
  2048 | D:2      | Found Zaithe's Weapon Shop.
  2081 | D:2      | Learned a level 4 spell: Iskenderun's Mystic Blast
  2216 | D:2      | Noticed Natasha
  2222 | D:2      | Killed Natasha
  2357 | D:2      | Found Somo's Weapon Boutique.
  2415 | D:2      | Found Kewkoyg's Antique Armour Shoppe.
  2507 | D:2      | Bought a runed robe for 81 gold pieces
  2717 | D:3      | Reached XP level 5. HP: 28/28 MP: 9/14
  3044 | D:3      | Found a runed translucent door.
  3045 | D:3      | Noticed GloriousHammer's ghost (amateur OpAE)
  3097 | D:3      | Found a runed translucent door.
  3176 | D:3      | Found Keafesa's Jewellery Shop.
  3181 | D:3      | Found a bloodstained altar of Trog.
  3256 | D:3      | Noticed Jessica
  3259 | D:3      | Killed Jessica
  3260 | D:3      | Reached skill level 5 in Spellcasting
  3516 | D:4      | Noticed an ogre
  3516 | D:4      | Noticed an ogre
  3628 | D:4      | Found a transporter.
  3630 | D:4      | Noticed eriqlaplus's ghost (amateur TeAE)
  3631 | D:4      | Found a transporter.
  3732 | D:4      | Reached XP level 6. HP: 19/32 MP: 0/16
  3873 | D:4      | Noticed Edmund
  3882 | D:4      | Slain by Edmund

Illustrated notes

Levels and vault maps discovered:
D:1:      dpeg_arrival_circle_labyrinth_c, layout_loops_corners, serial_shops,
          shop, hellmonk_ecumenical_altar_defaced_shrine, minmay_pentomino_z2
D:2:      layout_rooms, serial_shops, nicolae_shop_overgrown_old_shop,
          nicolae_shop_bloodbath_and_beyond, shop_fountains, shop, uniq_natasha
D:3:      layout_rooms, bloody_trog, serial_shops, shop, ebering_ghost_sewer_f,
          kennysheep_jessica_study
D:4:      layout_cave_pools, serial_shops, nicolae_shop_stone,
          gammafunk_ghost_mausoleum, uniq_edmund

Skill      XL: |  1  2  3  4  5 |
---------------+----------------+-----
Translocations | 1 2 3 |  3.6
Spellcasting   | 4 5 |  5.6
Conjurations   | 5 |  5.9
Dodging        | |  2.4
Stealth        | |  2.4

Action                   |  1- 3 |  4- 6 || total
-------------------------+-------+-------++-------
Melee: Mace              |     2 |       ||     2
 Cast: Magic Dart        |    62 |    84 ||   146
       Searing Ray       |     3 |    13 ||    16
       Iskenderun's Myst |       |     3 ||     3
  Use: Scroll            |       |     1 ||     1
Armor: Robe              |     3 |       ||     3
Dodge: Dodged            |    27 |    17 ||    44
